 Dungeon Crawl Stone Soup version 0.19-a0-1401-g902f63d (webtiles) character file.

25 Amnesiac the Skirmisher (level 2, -2/25 HPs)
             Began as a Mummy Wanderer on Sept 4, 2016.
             Slain by an ice beast (6 damage)
             ... on level 3 of the Dungeon.
             The game lasted 00:01:34 (239 turns).

Amnesiac the Skirmisher (Mummy Wanderer)             Turns: 239, Time: 00:01:35

Health: -2/25      AC:  5    Str: 13    XL:     2   Next: 86%
Magic:  5/5        EV: 10    Int: 11    God:
Gold:   9          SH:  0    Dex: 13    Spells: 0 memorised, 5 levels left

rFire  x . .     SeeInvis .     a - +2 hand crossbow
rCold  + . .     Gourm    .     c - +0 ring mail
rNeg   + + +     Faith    .     (no shield)
rPois  ∞         Spirit   .     (no helmet)
rElec  .         Dismiss  .     (no cloak)
rCorr  .         Reflect  .     (no gloves)
MR     .....     Harm     .     (no boots)
Stlth  +.........               (no amulet)
                                (no ring)
                                (no ring)

@: no status effects
A: no food or potions, fire vulnerability, cold resistance 1, negative energy
resistance 3, torment resistance, unbreathing
a: no special abilities


You were on level 3 of the Dungeon.
You were not hungry.

You visited 1 branch of the dungeon, and saw 3 of its levels.

You collected 9 gold pieces.

Inventory:

Hand Weapons
 a - a +2 hand crossbow (weapon)
 e - a +0 short sword of flaming
Armour
 c - a +0 ring mail (worn)
Scrolls
 d - a scroll of teleportation
 f - a scroll of amnesia {unknown}
 g - 2 scrolls of identify {unknown}


   Skills:
 - Level 4.0 Fighting
 - Level 2.4 Crossbows
 - Level 1.0 Throwing
 - Level 1.0 Armour
 - Level 1.0 Stealth
 + Level 2.3 Spellcasting


You had 5 spell levels left.
You didn't know any spells.

Dungeon Overview and Level Annotations

Branches:
Dungeon (3/15)

Altars:


Innate Abilities, Weirdness & Mutations

You do not eat or drink.
Your flesh is vulnerable to fire.
You are immune to poison.
Your flesh is cold resistant. (rC+)
You are immune to negative energy. (rN+++)
You are immune to unholy pain and torment.
You can survive without breathing.


Message History

Aim: an ice beast (almost dead)
You shoot a bolt.
The bolt hits the ice beast but does no damage.
The ice beast is almost dead.
The ice beast hits you but does no damage.
Unknown command.
Firing (i - inventory):
b - 2 bolts (quivered)
Press: ? - help, Shift-Dir - straight line, f/p - ice beast
Aim: an ice beast (almost dead)
You shoot a bolt. The bolt closely misses the ice beast.
The ice beast hits you but does no damage.
The ice beast barely misses you.
Unknown command.
Firing (i - inventory):
b - a bolt (quivered)
Press: ? - help, Shift-Dir - straight line, f/p - ice beast
Aim: an ice beast (almost dead)
You shoot a bolt. The bolt barely misses the ice beast.
The ice beast hits you.
* * * LOW HITPOINT WARNING * * *
The ice beast freezes you. You resist.
You die...

# . #.......%..#
##....## #..........#
........ #..........#
#....#$ #.......$..#
#....#.##....(.....#
#.......##........##
#.....#†#<.........#
#.....#Y(..........####
#.....@#..............<
###.##.##........(.....
#..#(......(......
##....(.......(...
##.............(.
...........?.....
...##>............ ...
#.............


You could see an ice beast.

Vanquished Creatures
  An ooze (D:2)
  A worm (D:2)
  A giant gecko (D:3)
  A ball python (D:3)
  A giant cockroach (D:2)
  2 goblins
  A hobgoblin (D:3)
  3 quokkas (D:3)
  A bat (D:2)
  4 kobolds
16 creatures vanquished.

Notes
Turn   | Place    | Note
-------+----------+-------------------------------------------
     0 | D:1      | Amnesiac the Mummy Wanderer began the quest for the Orb.
     0 | D:1      | Amnesiac set off with: a +2 hand crossbow, 28 bolts, a +0 ring mail, a scroll of teleportation
     0 | D:1      | Reached XP level 1. HP: 19/19 MP: 1/1
    95 | D:2      | Reached skill level 1 in Spellcasting
   106 | D:2      | Reached XP level 2. HP: 17/25 MP: 2/4
   208 | D:3      | Noticed an ice beast
   239 | D:3      | Slain by an ice beast

Vault maps used:
D:1:      lightli_arrival_windingriver, minmay_misc_feat_five
D:2:      serial_forest, infiniplex_forest_end_double,
          infiniplex_forest_lined_ring, infiniplex_forest_join,
          infiniplex_forest_clump_diagonal, infiniplex_forest_straight_3,
          makhleb_blood_cavern_becter

Skill      XL: |  1  2 |
---------------+-------+-----
Spellcasting   | 1 2 |  2.3
Fighting       | |  4.0
Crossbows      | |  2.4
Throwing       | |  1.0
Armour         | |  1.0
Stealth        | |  1.0

Action                   || total
-------------------------++-------
 Fire: Hand crossbow     ||    51
Armor: Ring mail         ||    11
Dodge: Dodged            ||    23
